 Dungeon Crawl Stone Soup version 0.30-a0-1157-g2cc9ac7196 (webtiles) character file.

Game seed: 11930889712880176902

28 ragingrage the Sneak (level 3, 0/19 HPs)
             Began as a Vine Stalker Delver on Apr 24, 2023.
             Succumbed to a water moccasin's poison
             ... on level 4 of the Dungeon.
             The game lasted 00:00:20 (158 turns).

ragingrage the Sneak (Vine Stalker Delver)           Turns: 158, Time: 00:00:20

Health: 0/19       AC:  3    Str: 14    XL:     3   Next: 12%
Magic:  1/4        EV: 11    Int: 10    God:
Gold:   0          SH:  0    Dex: 17    Spells: 2/2 levels left

rFire   . . .        a - +0 short sword
rCold   . . .        (no shield)
rNeg    . . .        b - +0 leather armour
rPois   .            (no helmet)
rElec   .            (no cloak)
rCorr   .            (no gloves)
SInv    .            (no boots)
Will    .....        (no amulet)
Stlth   +++          (no ring)
HPRegen 0.23/turn    (no ring)
MPRegen 0.09/turn

%: guardian spirit
@: lethally poisoned (0 -> -4), hasted, very quick
A: fangs 2, magic shield, antimagic bite, no potion heal 2
a: no special abilities


You were on level 4 of the Dungeon.
You visited 1 branch of the dungeon, and saw 3 of its levels.

Inventory:

Hand Weapons
 a - a +0 short sword (weapon)
Armour
 b - a +0 leather armour (worn)
Wands
 g - a wand of digging (3)
Scrolls
 c - a scroll of fog
 d - a scroll of magic mapping
 e - a scroll of fear
 i - a scroll of butterflies {unknown}
Potions
 h - a potion of magic {unknown}


   Skills:
 - Level 2.6 Fighting
 + Level 3.2 Short Blades
 - Level 1.5 Dodging
 - Level 6.0 Stealth


You had 2 spell levels left.
You didn't know any spells.
Your spell library was empty.

Dungeon Overview and Level Annotations

Branches:
Dungeon (6/15)
 Temple: D:4-7

Altars:

Annotations:
D:5 exclusion: ogre


Innate Abilities, Weirdness & Mutations

You have extremely sharp teeth.
When hurt, damage is shared between your health and your magic reserves.
Your bite disrupts and absorbs the magic of your enemies.
Potions cannot restore your health.


Message History

You puncture the hound! The hound closely misses you.
You barely miss the hound. The hound bites you.
You hit the hound but do no damage. The hound barely misses you. x2
You hit the hound but do no damage. Your bite misses the hound.
The hound bites you.
You barely miss the hound. The hound bites you but does no damage.
The hound bites you.
* * * LOW HITPOINT WARNING * * *
You hit the hound. The hound closely misses you.
You closely miss the hound. The hound misses you.
You hit the hound.
You kill the hound!
Your Short Blades skill gained 2 levels and is now at level 3!
You have reached level 2!
You have reached level 3!
Your experience leads to an increase in your attributes!
Increase (S)trength, (I)ntelligence, or (D)exterity?
You feel agile. x2
You start resting.
Found a stone staircase leading up.
A hound comes into view. x2
A phantom comes into view.
A water moccasin and a white imp come into view.
The water moccasin hisses angrily.
The white imp shouts, "Leave, thou currish sheep-biting vulture!"
The hound barks!
The hound bites you but does no damage.
There is a stone staircase leading up here.
The hound bites you. The water moccasin bites you.
You are poisoned.
The water moccasin poisons you! The hound barely misses you.
The water moccasin bites you but does no damage.
You climb upwards.
You feel sick.
There is a stone staircase leading down here.
Unknown command.
You feel yourself speed up.
You feel sick. The hound bites you. The water moccasin bites you!
* * * LOW HITPOINT WARNING * * *
Unknown command.
You die...

...### ####
..... ... ##
........ # ..
...#.. #.##.
#..#.#
#.....#....###..
...#..#.......#
........@.#
.......>h.#
.......S..#
..........#
............
.......!...##
...........#
#.....#.##.#
#.##.##.# .#


You could see a water moccasin and a hound.

Vanquished Creatures
  A hound (D:5)
1 creature vanquished.

Notes
Turn   | Place    | Note
-------+----------+-------------------------------------------
     0 | D:5      | ragingrage the Vine Stalker Delver began the quest for the
                  | Orb.
     0 | D:5      | Reached XP level 1. HP: 11/11 MP: 2/2
    12 | D:5      | Noticed an ogre
    74 | D:5      | Noticed a hound
    83 | D:5      | Killed a hound
    84 | D:5      | Reached XP level 2. HP: 6/16 MP: 0/3
    84 | D:5      | Reached XP level 3. HP: 7/19 MP: 0/4
   151 | D:5      | Noticed a phantom
   152 | D:5      | Noticed a water moccasin
   158 | D:4      | Succumbed to a water moccasin's poison

Illustrated notes

Levels and vault maps discovered:
D:4:      layout_basic, chequers_temple_overflow_minitemple, temple_green,
          ebering_ghost_inner_flame, palyth_stone_intersect, minmay_surrounded,
          uniq_natasha
D:5:      layout_basic, nrook_mini_backslash
D:6:      layout_loops_ring, kennysheep_orc_sif_temple, minmay_shop_grid_forest,
          lemuel_flamethrower_2

Skill      XL: |  1 |
---------------+----+-----
Short Blades   | 3 |  3.2
Fighting       | |  2.6
Dodging        | |  1.5
Stealth        | |  6.0

Action                     || total
---------------------------++-------
  Melee: Short sword       ||     8
    Use: Potion            ||     1
   Stab: Sleeping          ||     1
 Armour: Leather armour    ||     3
  Dodge: Dodged            ||     6

Table legend: (Time is in decaauts)
 A = Elapsed time spent in this place.
 B = Non-inter-level travel time spent in this place.
 C = Inter-level travel time spent in this place.
 D = Time resting spent in this place.
 E = Time spent auto-exploring this place.
 F = Levels seen in this place.
 G = Mean time per level.
                   A        B        C        D        E       F      G
               +--------+--------+--------+--------+--------+-----+--------+
         Total |    157 |    157 |      0 |     49 |     67 |   3 |   52.3 |
       Dungeon |    157 |    157 |      0 |     49 |     67 |   3 |   52.3 |
               +--------+--------+--------+--------+--------+-----+--------+

Top non-repeatable levels by time:
     D:5: 153 daAuts
     D:6: 1 daAuts
     D:4: 1 daAuts
